 Dungeon Crawl Stone Soup version 0.28.0-43-g3370ac3207 (webtiles) character file.

Game seed: 9727855658171814360

1766 croobank the Firebug (level 8, 0/63 HPs)
             Began as a Green Draconian Fire Elementalist on Mar 27, 2022.
             Was a Believer of Vehumet.
             Slain by an orc warrior
             ... wielding a +0 short sword
              (10 damage)
             ... on level 6 of the Dungeon.
             The game lasted 00:29:22 (9111 turns).

croobank the Firebug (DrFE)                         Turns: 9111, Time: 00:29:26

Health: 0/63       AC:  7    Str: 11    XL:     8   Next: 79%
Magic:  0/15       EV: 13    Int: 17    God:    Vehumet [**....]
Gold:   213        SH:  0    Dex: 12    Spells: 4/16 levels left

rFire   . . .      SeeInvis .   D - +4 quarterstaff (chaos)
rCold   . . .      Faith    .   (shield currently unavailable)
rNeg    + . .      Spirit   +   (armour unavailable)
rPois   +          Reflect  .   (helmet restricted)
rElec   .          Harm     .   C - +1 cloak
rCorr   .          Rampage  .   (no gloves)
Will    .....                   B - +2 pair of boots
Stlth   +++.......              v - amulet of guardian spirit
HPRegen 0.20/turn               y - ring of positive energy
MPRegen 0.14/turn               (no ring)

@: mighty, corroded
A: breathe noxious fumes, AC +6, unfitting armour, poison resistance,
cold-blooded
a: Breathe Noxious Fumes, Renounce Religion


You were on level 6 of the Dungeon.
You worshipped Vehumet.
Vehumet was pleased with you.
You visited 1 branch of the dungeon, and saw 7 of its levels.

You collected 213 gold pieces.

Inventory:

Hand Weapons
 j - a +0 whip
 l - a +0 short sword
 w - a +2 morningstar of holy wrath
 D - a +4 quarterstaff of chaos (weapon)
Missiles
 b - 11 bolts
 d - 22 poisoned darts
 e - 97 arrows
 h - 198 stones
 i - 7 boomerangs
 E - 23 sling bullets
Armour
 B - a +2 pair of boots (worn)
 C - a +1 cloak (worn)
Jewellery
 g - an amulet of faith
 v - an amulet of guardian spirit (around neck)
 y - a ring of positive energy (left hand)
Wands
 u - a wand of flame (25)
Scrolls
 a - a scroll of amnesia
 f - a scroll of magic mapping
 n - 5 scrolls of teleportation
 r - a scroll of holy word {unknown}
 s - 2 scrolls of fog
 x - a scroll of immolation {unknown}
 G - a scroll of identify
Potions
 c - a potion of invisibility
 k - 4 potions of haste
 m - a potion of flight {unknown}
 o - 2 potions of curing {unknown}
 p - 2 potions of attraction {unknown}
 q - a potion of might
 t - a potion of magic {unknown}
 z - 2 potions of degeneration {unknown}
 A - a potion of lignification {unknown}
 F - 2 potions of mutation {unknown}


   Skills:
 + Level 3.4 Fighting
 + Level 4.7 Dodging
 + Level 5.1 Stealth
 + Level 4.7 Spellcasting
 + Level 4.8 Conjurations
 + Level 5.6 Fire Magic


You had 4 spell levels left.
You knew the following spells:

 Your Spells              Type           Power      Damage    Failure   Level
a - Foxfire               Conj/Fire      84%        2x1d8     1%          1
b - Scorch                Fire           46%        2d7       2%          2
c - Flame Wave            Conj/Fire      21%        2d7       17%         4
d - Shock                 Conj/Air       48%        1d6       5%          1
e - Static Discharge      Conj/Air       12%        N/A       9%          2
f - Poisonous Vapours     Pois/Air       8%         N/A       22%         2

Your spell library contained the following spells:

 Spells                   Type           Power      Damage    Failure   Level
 Conjure Flame            Conj/Fire      21%        6-21      5%          3
 Inner Flame              Hex/Fire       13%        N/A       14%         3
 Corpse Rot               Necr/Air       8%         N/A       22%         2
 Tukima's Dance           Hex            4%         N/A       41%         3
 Anguish                  Hex/Necr       2%         N/A       82%         4
 Fireball                 Conj/Fire      10%        3d6       43%         5
 Iskenderun's Battlesphe  Conj           20%        2d7       50%         5
 Conjure Ball Lightning   Conj/Air       6%         3x3d6     100%        6
 Enfeeble                 Hex            2%         N/A       100%        7
 Orb of Destruction       Conj           10%        9d6       100%        7


Dungeon Overview and Level Annotations

Branches:
Dungeon (7/15)             Temple (0/1) D:5

Altars:
Elyvilon
Makhleb
Trog
Vehumet

Annotations:
D:5 1 runed translucent door, issech's ghost, novice TrMo


Innate Abilities, Weirdness & Mutations

You can breathe blasts of noxious fumes.
Your lurid green scales are hard. (AC +6)
You cannot fit into any form of body armour.
Your system is resistant to poisons. (rPois)
You are cold-blooded and may be slowed by cold attacks.


Message History

The orc warrior completely misses you. The jelly hits you but does no damage.
Casting: Scorch (safe; 2% risk of failure)
Confirm with . or Enter, or press ? or * to list all spells.
Flames lash the jelly.
The jelly is lightly wounded.
The jelly's fire resistance burns away.
The orc warrior misses you. The jelly hits you. The acid corrodes you!
You are splashed with acid!
Casting: Scorch (safe; 2% risk of failure)
Confirm with . or Enter, or press ? or * to list all spells.
Flames lash the jelly.
The jelly is burned terribly!
The jelly is severely wounded.
The orc warrior closely misses you. The jelly hits you.
You are splashed with acid!
You feel very mighty all of a sudden. The orc warrior completely misses you.
The jelly closely misses you.
You hit the orc warrior but do no damage.
The orc warrior is poisoned.
You tail-slap the orc warrior, but do no damage.
The orc warrior is heavily wounded.
The orc warrior is no longer more vulnerable to fire.
The orc warrior hits you with a +0 short sword!
* * * LOW HITPOINT WARNING * * *
The jelly hits you but does no damage.
Casting: Scorch (safe; 2% risk of failure)
Confirm with . or Enter, or press ? or * to list all spells.
You conjure some foxfire!
The orc warrior closely misses you. The jelly hits you but does no damage.
You thump the orc warrior!
The orc warrior is almost dead.
The jelly is no longer more vulnerable to fire.
The foxfire hits the jelly.
The jelly is severely wounded.
The foxfire hits the jelly.
You kill the jelly!
Vehumet accepts your kill.
You feel your power returning.
The orc warrior hits you with a +0 short sword.
* * * LOW HITPOINT WARNING * * *
The orc warrior hits you with a +0 short sword!
You die...

##.#..########.....###.##.###.##
#...## ##...## #.##.###.# ###.#
##'## #........# #..# #.#
####.##### #.## #.# #.# #.#
##.###### #.# #.# ##.......# #.#
#.# #..<..##.###.# #.#
##.@.........# #.########
#.o..##<#####
#........####.....#.#
###<##...........>..#
#.####.####...).### #.# #.#
##...## #.####.# #.### #......#
#.# ############.# #####


You could see an orc warrior (very poisoned).

Vanquished Creatures
  A steam dragon (D:6)
  An orc warrior (D:6)
  A black bear (D:6)
  A necrophage (D:6)
  4 ogres
  A centaur (D:6)
  A phantom (D:5)
  A scorpion (D:6)
  2 hounds
  A jelly (D:6)
  2 gnoll shamans
  Crazy Yiuf (D:2)
  A bullfrog skeleton (D:6)
  2 centaur skeletons
  4 orc wizards
  Natasha (thrice) (D:3)
  Terence (D:2)
  2 hound skeletons (D:5)
  A howler monkey skeleton (D:4)
  7 adders
  18 gnolls
  A worm (D:3)
  3 dart slugs
  17 orcs
  13 ball pythons
  7 endoplasms
  3 giant cockroaches
  5 hobgoblins
  6 jackals
  6 kobolds
  3 quokkas
  7 bats
  2 frilled lizards
  7 goblins
  5 rats
141 creatures vanquished.

Vanquished Creatures (others)
  245 foxfires
245 creatures vanquished.

Grand Total: 386 creatures vanquished

Notes
Turn   | Place    | Note
-------+----------+-------------------------------------------
     0 | D:1      | croobank the Draconian Fire Elementalist began the quest
                  | for the Orb.
     0 | D:1      | Reached XP level 1. HP: 14/14 MP: 3/3
   136 | D:1      | Reached XP level 2. HP: 13/20 MP: 0/5
   139 | D:1      | Learned a level 2 spell: Scorch
  1130 | D:1      | Reached XP level 3. HP: 26/26 MP: 4/6
  1620 | D:2      | Found a runed translucent door.
  1621 | D:2      | Noticed Crazy Yiuf
  1724 | D:2      | Found a radiant altar of Vehumet.
  1737 | D:2      | Became a worshipper of Vehumet
  1995 | D:2      | Reached XP level 4. HP: 33/33 MP: 2/7
  2000 | D:2      | Learned a level 4 spell: Flame Wave
  2143 | D:2      | Noticed Terence
  2157 | D:2      | Killed Terence
  3254 | D:3      | Reached XP level 5. HP: 36/38 MP: 0/9
  3518 | D:3      | Found a faded altar of an unknown god.
  3866 | D:3      | Reached * piety under Vehumet
  3866 | D:3      | Offered knowledge of Freeze by Vehumet.
  3981 | D:3      | Noticed Natasha
  4002 | D:3      | Killed Natasha
  4238 | D:3      | Noticed Natasha
  4242 | D:3      | Killed Natasha
  4670 | D:3      | Reached XP level 6. HP: 23/45 MP: 4/10
  5228 | D:3      | Noticed Natasha
  5236 | D:3      | Killed Natasha
  5708 | D:4      | Your scales start taking on a lurid green colour.
  5708 | D:4      | Reached XP level 7. HP: 50/50 MP: 4/12
  5708 | D:4      | Gained mutation: Your system is resistant to poisons.
                  | (rPois) [Green Draconian growth]
  5796 | D:4      | Found a bloodstained altar of Trog.
  5836 | D:4      | Found a burning altar of Makhleb.
  5965 | D:4      | Offered knowledge of Shock by Vehumet.
  5968 | D:4      | Learned a level 1 spell: Shock
  6208 | D:5      | Entered Level 5 of the Dungeon
  6229 | D:5      | Reached ** piety under Vehumet
  6288 | D:5      | Found a staircase to the Ecumenical Temple.
  6348 | D:5      | Found a white marble altar of Elyvilon.
  6421 | D:5      | Reached skill level 1 in Fighting
  7068 | D:5      | Found a runed translucent door.
  7076 | D:5      | Noticed issech's ghost (novice TrMo)
  7365 | D:2      | Paralysed by Crazy Yiuf for 2 turns
  7368 | D:2      | Killed Crazy Yiuf
  7548 | D:6      | Reached XP level 8. HP: 61/61 MP: 8/14
  7700 | D:6      | Reached skill level 5 in Fire Magic
  8742 | D:6      | Reached skill level 5 in Stealth
  8754 | D:6      | Offered knowledge of Static Discharge by Vehumet.
  8763 | D:6      | Learned a level 2 spell: Static Discharge
  8766 | D:6      | Learned a level 2 spell: Poisonous Vapours
  9111 | D:6      | Slain by an orc warrior

Illustrated notes

Levels and vault maps discovered:
D:1:      amcnicky_arrival_gap_in_the_tavern_cellar, layout_rooms,
          serial_co_window_serial, co_window_paths_b,
          co_window_of_opportunity_a, co_window_corner_a, co_window_paths_b,
          co_window_paths_a, co_window_cross_1, co_window_paths_b,
          co_window_cross_1, co_window_corner_a, co_window_2corner,
          co_window_2corner, co_window_broadway_b, co_window_paths_c,
          co_window_paths_e, glass_columns_a, glass_columns_a, glass_columns_b,
          glass_columns_b
D:2:      layout_basic, basic_altar, kennysheep_generic_room_7, uniq_terence,
          uniq_crazy_yiuf_cottage
D:3:      layout_basic, hellmonk_ecumenical_altar_slurped_away,
          hangedman_decor_lopped, wad_rectangle_vault, uniq_natasha
D:4:      layout_cave_pools, mainiacjoe_overflow_catch_the_wave, serial_rivers,
          chequers_serial_rivers_micro_c, chequers_serial_rivers_small_a,
          chequers_serial_rivers_micro_a, chequers_serial_rivers_room_b,
          chequers_serial_rivers_large_b
D:5:      layout_basic, general_overflow_altar, minmay_temple_entry_sparse_star,
          ebering_ghost_sewer_d
D:6:      layout_loops_corners, minmay_misc_feat_diagonals, minivault_24
D:7:      layout_loops_ring, nicolae_wu_jian_wuxing_cycle,
          nicolae_tso_swordbearing_angel, nicolae_qazlal_eye_of_the_storm

Skill      XL: |  1  2  3  4  5  6  7  8 |
---------------+-------------------------+-----
Dodging        | 2 3 4 |  4.7
Stealth        | 2 3 4 5 |  5.1
Conjurations   | 2 3 4 |  4.8
Spellcasting   | 3 4 |  4.7
Fire Magic     | 4 5 |  5.6
Fighting       | 1 3 |  3.4

Action                   |  1- 3 |  4- 6 |  7- 9 || total
-------------------------+-------+-------+-------++-------
Melee: Whip              |    17 |    54 |    23 ||    94
       Unarmed           |     8 |       |       ||     8
       Tailslap          |     6 |     4 |     4 ||    14
       Quarterstaff      |       |       |     9 ||     9
 Cast: Foxfire           |    55 |    56 |    43 ||   154
       Scorch            |     1 |    50 |    68 ||   119
 Abil: Breathe Noxious F |       |       |     1 ||     1
  Use: Scroll            |       |     6 |     5 ||    11
       Potion            |       |     3 |     1 ||     4
Armor: Skin              |    17 |    34 |    37 ||    88
Dodge: Dodged            |    33 |    89 |    47 ||   169
